 Dungeon Crawl Stone Soup version 0.21-a0-111-g52d2817 (webtiles) character file.

37 Dfrag the Firebug (level 3, 0/24 HPs)
             Began as a Demonspawn Fire Elementalist on July 11, 2017.
             Slain by an adder (5 damage)
             ... on level 2 of the Dungeon.
             The game lasted 00:03:38 (1434 turns).

Dfrag the Firebug (Demonspawn Fire Elementalist)    Turns: 1434, Time: 00:03:38

Health: 0/24       AC:  5    Str:  8    XL:     3   Next: 21%
Magic:  0/6        EV: 12    Int: 17    God:
Gold:   65         SH:  0    Dex: 13    Spells: 6/7 levels left

rFire    . . .     SeeInvis +   (no weapon)
rCold    . . .     Gourm    .   (no shield)
rNeg     . . .     Faith    .   a - +0 robe
rPois    .         Spirit   .   f - +1 helmet {SInv}
rElec    .         Reflect  .   (no cloak)
rCorr    .         Harm     .   (no gloves)
MR       .....                  (no boots)
Stlth    ++........             (no amulet)
HPRegen  0.08/turn              (no ring)
MPRegen  0.10/turn              (no ring)

@: lethally poisoned (0 -> -3), very slightly contaminated
A: rugged brown scales 1
a: no special abilities


You were on level 2 of the Dungeon.
You were not hungry.

You visited 1 branch of the dungeon, and saw 2 of its levels.

You collected 65 gold pieces.

Inventory:

Armour
 a - a +0 robe (worn)
 f - a +1 helmet of see invisible (worn)
Scrolls
 e - 5 scrolls of remove curse {unknown}
 g - a scroll of fog {unknown}
 k - 2 scrolls of identify {unknown}
 m - a scroll of blinking {unknown}
Potions
 d - a potion of curing
 i - a potion of brilliance {unknown}
 j - a potion of heal wounds {unknown}
 l - a potion of magic {unknown}
Books
 b - a book of Flames

   Spells                             Type                      Level
   a - Flame Tongue                   Conjuration/Fire             1
   b - Throw Flame                    Conjuration/Fire             2
   c - Conjure Flame                  Conjuration/Fire             3
   d - Inner Flame                    Hexes/Fire                   3
   e - Sticky Flame                   Conjuration/Fire             4
   f - Fireball                       Conjuration/Fire             5
Comestibles
 c - a bread ration
 h - 2 fruits
 n - a royal jelly


   Skills:
 - Level 1.7 Dodging
 - Level 1.7 Stealth
 + Level 2.5 Spellcasting
 + Level 2.0 Conjurations
 + Level 3.1 Fire Magic


You had 6 spell levels left.
You knew the following spells:

 Your Spells              Type           Power        Failure   Level  Hunger
a - Flame Tongue          Conj/Fire      ##...        6%          1    #......


Dungeon Overview and Level Annotations

Branches:
Dungeon (2/15)

Altars:
Dithmenos


Innate Abilities, Weirdness & Mutations

You are partially covered in rugged brown scales. (AC +1, +3% HP)


Message History

You feel sick. The adder bites you.
* * * LOW HITPOINT WARNING * * *
You barely miss the adder.
The adder is almost dead.
The adder bites you.
* * * LOW HITPOINT WARNING * * *
You hit the adder but do no damage.
The adder is almost dead.
You feel sick. The adder barely misses you.
The adder bites you but does no damage.
You feel sick.
Casting: Flame Tongue
Confirm with . or Enter, or press ? or * to list all spells.
Aiming: Flame Tongue
Press: ? - help, Shift-Dir - straight line, f/p - adder
Aim: an adder (almost dead)
The flame tongue misses the adder.
The adder barely misses you.
Unknown command.
The adder bites you.
You die...

#.# ##...##
#....(..[
####.#### ##'##
#.....###
#.......#
####.###
###.###
#.##.##.#
#......# #.# #
#.##.###.##.#.#
#.#
#.............#
##### #.#
####.###......#
#... ..# #.#
#.#....###.#
### #<#
#.##.@S....#
..#
#......#####
### ####.###
#.# #.# #.# ..
#.# #.##.# .
#..#.#


You could see an adder.

Vanquished Creatures
  An adder (D:2)
  3 leopard geckos (D:1)
  A giant cockroach (D:1)
  A hobgoblin (D:1)
  5 kobolds
  A ball python (D:1)
  6 bats
  5 goblins
  2 rats (D:2)
25 creatures vanquished.

Notes
Turn   | Place    | Note
-------+----------+-------------------------------------------
     0 | D:1      | Dfrag the Demonspawn Fire Elementalist began the quest for the Orb.
     0 | D:1      | Reached XP level 1. HP: 13/13 MP: 3/3
   231 | D:1      | Gained mutation: You are partially covered in rugged brown scales. (AC +1, +3% HP) [demonic ancestry]
   231 | D:1      | Reached XP level 2. HP: 10/19 MP: 0/5
   315 | D:1      | Reached skill level 3 in Fire Magic
   957 | D:2      | Found a shadowy altar of Dithmenos.
  1202 | D:2      | Reached XP level 3. HP: 15/24 MP: 0/6
  1434 | D:2      | Slain by an adder

Vault maps used:
D:1:      dpeg_arrival_connections
D:2:      lemuel_crystal_altar, old_standard_altar

Skill      XL: |  1  2 |
---------------+-------+-----
Fire Magic     | 3 |  3.1
Conjurations   | 2 |  2.0
Dodging        | |  1.7
Stealth        | |  1.7
Spellcasting   | |  2.5

Action                   || total
-------------------------++-------
Melee: Unarmed           ||    76
 Cast: Flame Tongue      ||    59
  Use: Potion            ||     1
  Eat: Chunk             ||     2
Armor: Robe              ||    36
Dodge: Dodged            ||   103
